 Dungeon Crawl Stone Soup version 0.29.1-2-gbd0b4ee654 (webtiles) character file.

Game seed: 14836039702532904450

11511 Hiippo the Thaumaturge (level 12, -7/81 HPs)
             Began as a Djinni Ice Elementalist on Nov 30, 2022.
             Was an Elder of Makhleb.
             Shot with an arrow by a centaur warrior (22 damage)
             ... on level 10 of the Dungeon.
             The game lasted 01:27:49 (13042 turns).

Hiippo the Thaumaturge (Djinni Ice Elementalist)   Turns: 13042, Time: 01:27:50

Health: -7/81      AC:  8    Str:  7    XL:     12   Next: 8%
Gold:   366        EV: 16    Int: 23    God:    Makhleb [****..] SH:  0 Dex: 19

rFire   + + .      SeeInvis .   B - +5 great sword
rCold   x . .      Faith    .   (shield currently unavailable)
rNeg    . . .      Spirit   .   A - +2 robe {Archmagi}
rPois   ∞          Reflect  .   b - +0 helmet
rElec   .          Harm     .   (no cloak)
rCorr   .          Rampage  .   C - +0 pair of gloves
Will    +....      Archmagi +   (boots unavailable)
Stlth   ++........              (no amulet)
HPRegen 0.23/turn               s - +4 ring of evasion
MPRegen 0.00/turn               k - +6 ring of dexterity

@: flying
A: sickness immunity, fire resistance 2, cold vulnerability 1, float, innate
caster, HP casting, extra vitality 1, iridescent scales 1
a: Renounce Religion, Minor Destruction, Lesser Servant of Makhleb, Major
Destruction


You were on level 10 of the Dungeon.
You worshipped Makhleb.
Makhleb was greatly pleased with you.
You visited 2 branches of the dungeon, and saw 11 of its levels.

You collected 829 gold pieces.
You spent 463 gold pieces at shops.

Inventory:

Hand Weapons
 d - a +2 short sword of venom
 n - the +7 trident of the Ship {freeze, rElec Will+ Int+2}
   (You found it on level 6 of the Dungeon)

   It freezes those it strikes, dealing additional cold damage.
   It can also slow down cold-blooded creatures.
   Int:       It affects your intelligence (+2).
   rElec:     It insulates you from electricity.
   Will:      It increases your willpower.
 w - a +3 long sword
 B - a +5 great sword (weapon)
Missiles
 i - 3 throwing nets
Armour
 a - a +1 robe
 b - a +0 helmet (worn)
 y - a +0 plate armour
 A - a +2 robe of the Archmagi (worn)
 C - a +0 pair of gloves (worn)
Jewellery
 k - a +6 ring of dexterity (right hand)
 s - a +4 ring of evasion (left hand)
 z - a +6 ring of strength
Wands
 o - a wand of paralysis (1)
 t - a wand of acid (15)
 u - a wand of mindburst (15)
Scrolls
 g - 2 scrolls of amnesia
 j - 3 scrolls of identify
 l - 2 scrolls of enchant armour
 p - a scroll of magic mapping
 r - 2 scrolls of fog
 v - 4 scrolls of immolation
Potions
 c - a potion of degeneration
 e - 2 potions of flight
 h - a potion of mutation
 m - 2 potions of brilliance
 q - 3 potions of curing


   Skills:
 + Level 5.1 Fighting
 + Level 5.1 Armour
 - Level 2.1 Dodging
 - Level 1.5 Stealth
 - Level 11.0 Spellcasting
 - Level 10.1 Invocations


You had 9 spell levels left.
You knew the following spells:

 Your Spells              Type           Power      Damage    Failure   Level
a - Freeze                Ice            100%       1d11      1%          1
b - Frozen Ramparts       Ice            100%       1d16      1%          3
c - Ozocubu's Armour      Ice            76%        N/A       1%          3
d - Hailstorm             Conj/Ice       76%        3d16      1%          4
e - Magic Dart            Conj           100%       1d8       1%          1
f - Poisonous Vapours     Pois/Air       100%       N/A       1%          2
g - Static Discharge      Conj/Air       76%        3-13/arc  1%          2
h - Passage of Golubria   Tloc           76%        N/A       1%          4
i - Anguish               Hex/Necr       38%        N/A       1%          4
Your spell library was empty.

Dungeon Overview and Level Annotations

Branches:
Dungeon (10/15)            Temple (1/1) D:4            Lair (0/5) D:9
    Orc: D:9-12

Altars:
Ashenzari
Dithmenos
Elyvilon
Fedhas
Gozag
Hepliaklqana
Makhleb
Nemelex Xobeh
Okawaru
Qazlal
Ru
Trog
Uskayaw
Wu Jian
Xom
Yredelemnul
Zin
The Shining One
Jiyva

Shops:
D:2 [   D:9 [

Annotations:
D:10 3 runed translucent doors, mydica's ghost, novice DECj


Innate Abilities, Weirdness & Mutations

You are immune to sickness and miasma.
You are immune to poison.
Your flesh is very heat resistant. (rF++)
You are vulnerable to cold. (rC-)
You float through the air rather than walking.
You learn spells naturally, not from books.
Your magical power is your life essence.
You have superior vitality. (+4 MHP)
You are partially covered in iridescent scales. (AC +2)


Message History

Aiming: Freeze (safe; 1% risk of failure)
Press: ? - help, Q - select action, (/) - cycle Shift-Dir - straight line, f/p - centaur warrior
Aim: a centaur warrior (almost dead, anguished)
You feel a surge of power!
You freeze the centaur warrior.
The centaur warrior is almost dead.
The wall freezes the centaur warrior.
You kill the centaur warrior!
Makhleb accepts your kill.
You feel better.
The wall freezes the efreet but does no damage.
The efreet gestures at you. The bolt of fire hits you. You resist.
The heat melts your icy armour.
Your Fighting skill increases to level 5!
Your Armour skill increases to level 5!
You have reached level 12!
You feel clever.
Casting: Freeze (safe; 1% risk of failure)
Confirm with . or Enter, or press ? or * to list all spells.
Casting: Hailstorm (mildly dangerous; 1% risk of failure)
Press: ? - help, Dir - look around, f - activate You feel a surge of power!
A cannonade of hail descends around you!
The hail pelts the efreet!!
The efreet is frozen!
You kill the efreet!
Makhleb accepts your kill.
You hear a shout!
A centaur warrior comes into view.
A basilisk comes into view.
You reach down and close the door, pushing everything out of the way.
You see here a +0 longbow.
Your icy armour cracks and falls away as you move.
The frozen ramparts melt away as you move.
A centaur warrior opens the door.
The centaur warrior wields a +0 shortbow.
The centaur warrior shoots an arrow.
The arrow hits you.
The centaur warrior shoots an arrow.
The arrow hits you!
The centaur warrior shoots an arrow.
The arrow hits you!
* * * LOW HITPOINT WARNING * * *
The centaur warrior shoots an arrow.
The arrow hits you!!
You die...

#.####.#.####.#.##
##..#####'###' #.# #.#.# #.#.#
#..## #...... #.######.# #.#.#
#.## #..)... #....##### #...#
#.# #...... ....##...##
#..#####(#########+##
....#J....# #..#....#....#
....+.J...? #..#.##...##.#
....+J.J.J_ #..#.##...##.#
....+JJJ..$ #..#@..###...###.##J
....#...J.###..'#..#.#..#')...8H
....##WWW##.#..#...#.#.cl#
.....#####..#..#.##.c.##.#
............#..#.##...##.#
...............#....#....#
...........##..#####.##### ###
## ...........##...# #.# ##.. .
..........)...#.# #.## #..#####


You could see a centaur warrior.

Vanquished Creatures
  A fire dragon (D:10)
  A boulder beetle (D:6)
  A two-headed ogre (D:9)
  A centaur warrior (D:10)
  A gargoyle (D:10)
  An efreet (D:10)
  The ghost of ZoeForever1 the Insei, a novice DsTm (D:5)
  A kobold demonologist (D:10)
  A tengu conjurer (D:10)
  A hornet (D:9)
  A wraith (D:10)
  9 yaks
  2 steam dragons (D:8)
  Menkaure (D:5)
  An acid dragon (D:10)
  A water moccasin (D:7)
  4 ice beasts
  7 orc warriors (D:10)
  A black bear (D:5)
  An ogre (D:6)
  A centaur (D:6)
  2 phantoms
  2 kobold brigands
  3 bullfrogs
  3 necrophages
  3 scorpions
  15 wights (D:9)
  30 killer bees
  3 howler monkeys
  2 hounds
  2 jellies
  7 orc priests
  3 iguanas
  10 orc wizards
  Robin (D:2)
  7 gnolls
  8 adders
  A shadow imp (D:6)
  A white imp (D:6)
  2 worms (D:3)
  A dart slug (D:5)
  38 orcs
  10 bats
  4 endoplasms
  3 giant cockroaches
  13 goblins
  9 hobgoblins
  3 jackals (D:3)
  4 quokkas
  8 ball pythons
  4 frilled lizards
  19 kobolds
  13 rats
  A spectral hobgoblin (D:4)
274 creatures vanquished.

Vanquished Creatures (others)
  Erica (D:8)
1 creature vanquished.

Grand Total: 275 creatures vanquished

Notes
Turn   | Place    | Note
-------+----------+-------------------------------------------
     0 | D:1      | Hiippo the Djinni Ice Elementalist began the quest for the
                  | Orb.
     0 | D:1      | Hiippo set off with the following spells memorised: Freeze,
                  | Frozen Ramparts, Ozocubu's Armour, Hailstorm.
     0 | D:1      | Reached XP level 1. HP: 15/15 MP: 0/0
   213 | D:1      | Reached XP level 2. HP: 16/21 MP: 0/0
   862 | D:1      | Reached XP level 3. HP: 23/25 MP: 0/0
   862 | D:1      | Learned a level 1 spell: Magic Dart
  1057 | D:1      | Reached skill level 4 in Spellcasting
  1409 | D:2      | Reached XP level 4. HP: 21/31 MP: 0/0
  1648 | D:2      | Found Cochul's Antique Armour Emporium.
  1768 | D:2      | Noticed Robin
  1774 | D:2      | Killed Robin
  2120 | D:2      | Found a faded altar of an unknown god.
  2627 | D:3      | Found a bloodstained altar of Trog.
  2688 | D:3      | Reached XP level 5. HP: 29/35 MP: 0/0
  2688 | D:3      | Learned a level 2 spell: Poisonous Vapours
  2814 | D:3      | Reached skill level 5 in Spellcasting
  2996 | D:3      | Found a burning altar of Makhleb.
  3009 | D:3      | Became a worshipper of Makhleb the Destroyer
  3088 | D:3      | Reached XP level 6. HP: 37/40 MP: 0/0
  3336 | D:3      | Gained mutation: You are partially covered in iridescent
                  | scales. (AC +2) [potion of mutation]
  3710 | D:4      | Found a staircase to the Ecumenical Temple.
  3864 | Temple   | Entered the Ecumenical Temple
  3949 | D:4      | Found an ornate altar of the Wu Jian Council.
  4004 | D:4      | Found a hazy altar of Hepliaklqana.
  4441 | D:5      | Entered Level 5 of the Dungeon
  4441 | D:5      | Noticed an ice beast
  4466 | D:5      | Found a runed translucent gate.
  4466 | D:5      | Found a runed translucent gate.
  4467 | D:5      | Found a runed translucent gate.
  4468 | D:5      | Noticed ZoeForever1's ghost (novice DsTm)
  4495 | D:5      | Found a broken altar of Ashenzari.
  4764 | D:5      | Reached skill level 6 in Spellcasting
  4831 | D:5      | Reached XP level 7. HP: 16/45 MP: 0/0
  4831 | D:5      | Learned a level 2 spell: Static Discharge
  5460 | D:5      | Noticed Menkaure
  5489 | D:5      | Killed Menkaure
  5490 | D:5      | Reached skill level 7 in Spellcasting
  5542 | D:5      | Reached XP level 8. HP: 30/50 MP: 0/0
  6289 | D:5      | Killed ZoeForever1's ghost
  6290 | D:5      | Reached skill level 8 in Spellcasting
  6503 | D:6      | Found a glowing golden altar of the Shining One.
  6524 | D:6      | Reached XP level 9. HP: 34/55 MP: 0/0
  6524 | D:6      | Learned a level 4 spell: Passage of Golubria
  6771 | D:6      | Reached * piety under Makhleb
  6874 | D:6      | Found a shadowy altar of Dithmenos.
  7226 | D:6      | Reached skill level 9 in Spellcasting
  7402 | D:6      | Noticed a boulder beetle
  7657 | D:6      | Killed a boulder beetle
  7658 | D:6      | Reached skill level 10 in Spellcasting
  7934 | D:6      | Identified the +7 trident of the Ship {freeze, rElec Will+
                  | Int+2}
  8021 | D:7      | Reached XP level 10. HP: 56/60 MP: 0/0
  8181 | D:7      | Found a sparkling altar of Nemelex Xobeh.
  8203 | D:7      | Reached ** piety under Makhleb
  8415 | D:7      | Reached skill level 11 in Spellcasting
  8749 | D:7      | Found a blossoming altar of Fedhas.
  9068 | D:8      | Noticed Erica
  9075 | D:8      | Killed Erica
  9096 | D:8      | Reached skill level 5 in Invocations
 10026 | D:9      | Found a staircase to the Lair.
 10408 | D:9      | Found Hudipp's Armour Shoppe.
 10424 | D:9      | Bought a +2 robe of the Archmagi for 414 gold pieces
 10446 | D:9      | Reached *** piety under Makhleb
 10673 | D:9      | Reached XP level 11. HP: 63/65 MP: 0/0
 10673 | D:9      | Learned a level 4 spell: Anguish
 10698 | D:9      | Noticed a two-headed ogre
 10701 | D:9      | Killed a two-headed ogre
 10924 | D:9      | Reached skill level 10 in Invocations
 11146 | D:9      | Found a glowing silver altar of Zin.
 11303 | D:9      | Bought a +0 pair of gloves for 49 gold pieces
 11345 | D:10     | Entered Level 10 of the Dungeon
 11354 | D:10     | Reached skill level 1 in Fighting
 11354 | D:10     | Reached skill level 1 in Armour
 11653 | D:10     | Reached **** piety under Makhleb
 12258 | D:10     | Found a runed translucent gate.
 12258 | D:10     | Found a runed translucent gate.
 12258 | D:10     | Found a runed translucent gate.
 12259 | D:10     | Found a viscous altar of Jiyva.
 12259 | D:10     | Noticed mydica's ghost (novice DECj)
 12458 | D:10     | Noticed a boulder beetle
 12931 | D:10     | Noticed a fire dragon
 12940 | D:10     | Killed a fire dragon
 13025 | D:10     | Noticed a centaur warrior
 13026 | D:10     | Noticed a manticore
 13032 | D:10     | Killed a centaur warrior
 13033 | D:10     | Reached skill level 5 in Fighting
 13033 | D:10     | Reached skill level 5 in Armour
 13033 | D:10     | Reached XP level 12. HP: 55/81 MP: 0/0
 13033 | D:10     | Noticed a centaur warrior
 13042 | D:10     | Shot with an arrow by a centaur warrior

Illustrated notes

Levels and vault maps discovered:
D:1:      denvon_arrival_hothouse, layout_loops_cross
D:2:      layout_loops_corners, serial_shops, shop,
          hellmonk_ecumenical_altar_lost_god, minmay_misc_feat_alley, uniq_robin
D:3:      minmay_octagon_keep, layout_rooms, trog_book, bloody_makhleb
D:4:      layout_loops_ring, nicolae_wu_jian_wuxing_cycle,
          nicolae_hepliaklqana_monster_ancestors,
          minmay_temple_entry_purple_smoke, dreamdust_princess_bridge,
          nicolae_underground_beach
D:5:      layout_gridville, lemuel_crystal_altar, gammafunk_ghost_nasty_kobolds,
          uniq_menkaure
D:6:      layout_loops_ring, overflow_temple_1_default,
          nicolae_dithmenos_through_a_glass_darkly, kennysheep_mini_moat,
          grunt_potential
D:7:      layout_gridville, nemelex_spade_bored_becter, fedhas_altar_2
D:8:      layout_cave_pods, kennysheep_little_box, uniq_erica
D:9:      layout_roguey, zin_treasury, lair_entry_dummy, serial_shops, shop
D:10:     minmay_the_grid_plus_closed [minmay_the_grid_dragon_b,
          minmay_the_grid_gridbox, minmay_the_grid_square_x,
          minmay_the_grid_tree, minmay_the_grid_prize_trominoes], layout_basic,
          cheibrodos_worm_habitat, david_orc_4, gammafunk_ghost_ooze,
          lemuel_flamethrower_1
Temple:   hellmonk_temple_rainy

Skill      XL: |  1  2  3  4  5  6  7  8  9 10 11 |
---------------+----------------------------------+-----
Spellcasting   | 4 5 6 7 8 10 11 | 11.0
Invocations    | 7 10 | 10.1
Fighting       | 5 |  5.1
Armour         | 5 |  5.1
Dodging        | |  2.1
Stealth        | |  1.5

Action                   |  1- 3 |  4- 6 |  7- 9 | 10-12 || total
-------------------------+-------+-------+-------+-------++-------
Melee: Short sword       |       |    19 |    49 |       ||    68
       Punch             |       |       |     1 |       ||     1
       Trident           |       |       |     1 |       ||     1
       Long sword        |       |       |       |    13 ||    13
       Great sword       |       |       |       |    15 ||    15
Throw: Throwing net      |       |     1 |       |       ||     1
 Cast: Freeze            |    46 |    76 |    20 |    28 ||   170
       Frozen Ramparts   |     1 |    14 |     6 |    15 ||    36
       Ozocubu's Armour  |       |     9 |     5 |     6 ||    20
       Magic Dart        |       |     6 |       |       ||     6
       Static Discharge  |       |       |     3 |       ||     3
       Hailstorm         |       |       |    37 |   105 ||   142
       Poisonous Vapours |       |       |     3 |     6 ||     9
       Passage of Golubr |       |       |     1 |       ||     1
       Anguish           |       |       |       |     1 ||     1
Invok: Minor Destruction |       |       |       |    19 ||    19
Evoke: Wand              |       |       |    12 |     5 ||    17
  Use: Scroll            |     3 |     6 |     4 |     2 ||    15
       Potion            |     1 |     6 |     2 |     5 ||    14
 Stab: Paralysed         |       |       |     3 |       ||     3
       Sleeping          |       |       |     1 |       ||     1
Armor: Robe              |    10 |    17 |    33 |    26 ||    86
Dodge: Dodged            |    26 |    46 |    43 |    68 ||   183
